 Dungeon Crawl Stone Soup version 0.24-a0-249-g2af7e83 (webtiles) character file.

Game seed: 4616036102387931010

205 EazyBreezy the Slasher (level 5, 0/40 HPs)
             Began as a Demonspawn Gladiator on Apr 13, 2019.
             Was an Initiate of Gozag.
             Slain by an ogre
             ... wielding a +0 giant club
              (13 damage)
             ... on level 4 of the Dungeon.
             The game lasted 00:07:55 (2461 turns).

EazyBreezy the Slasher (Demonspawn Gladiator)       Turns: 2461, Time: 00:07:55

Health: 0/40       AC: 10    Str: 14    XL:     5   Next: 53%
Magic:  0/5        EV: 13    Int:  9    God:    Gozag
Gold:   127        SH:  0    Dex: 16    Spells: 4/4 levels left

rFire    . . .     SeeInvis .   a - +1 long sword
rCold    . . .     Gourm    .   (no shield)
rNeg     . . .     Faith    .   b - +3 leather armour
rPois    .         Spirit   +   c - +0 helmet
rElec    .         Reflect  .   (no cloak)
rCorr    .         Harm     .   (no gloves)
MR       .....                  (no boots)
Stlth    +.........             (no amulet)
HPRegen  0.13/turn              n - ring of wizardry
MPRegen  0.09/turn              (no ring)

@: no status effects
A: thin metallic scales 2, magic shield
a: Potion Petition, Call Merchant, Bribe Branch, Renounce Religion


You were on level 4 of the Dungeon.
You worshipped Gozag.
Gozag was aware of your devotion.
You were not hungry.

You visited 2 branches of the dungeon, and saw 5 of its levels.

You collected 190 gold pieces.
You paid 63 gold pieces to Gozag.

Inventory:

Hand Weapons
 a - a +1 long sword (weapon)
Missiles
 d - 3 throwing nets (quivered)
Armour
 b - a +3 leather armour (worn)
 c - a +0 helmet (worn)
Jewellery
 n - a ring of wizardry (left hand)
Wands
 s - a wand of acid (7)
Scrolls
 e - 3 scrolls of remove curse
 t - a scroll of fog
Potions
 g - a potion of magic {unknown}
 h - a potion of cancellation {unknown}
 i - a potion of haste {unknown}
 j - 2 potions of agility
 k - 3 potions of curing {unknown}
 l - a potion of ambrosia {unknown}
 m - a potion of lignification {unknown}
 o - 2 potions of degeneration {unknown}
 p - a potion of berserk rage {unknown}
 q - a potion of flight {unknown}
 r - 2 potions of brilliance {unknown}
 u - a potion of heal wounds {unknown}
Comestibles
 f - 6 rations


   Skills:
 * Level 2.8 Fighting
 * Level 4.3 Long Blades
 - Level 1.7 Throwing
 * Level 1.9 Armour
 * Level 3.5 Dodging
 * Level 0.2 Evocations


You had 4 spell levels left.
You didn't know any spells.
Your spell library was empty.

Dungeon Overview and Level Annotations

Branches:
Dungeon (4/15)             Temple (1/1) D:4

Altars:
Elyvilon
Fedhas
Gozag
Hepliaklqana
Kikubaaqudgha
Makhleb
Nemelex Xobeh
Sif Muna
Trog
Uskayaw
Vehumet
Xom
Zin
The Shining One


Innate Abilities, Weirdness & Mutations

You are mostly covered in thin metallic scales. (AC +3)
When hurt, damage is shared between your health and your magic reserves.


Message History

HP restored.
An ogre comes into view. It is wielding a +0 giant club.
The ogre shouts!
You slash the ogre!
The ogre is heavily wounded.
The ogre hits you with a +0 giant club.
You hit the ogre.
The ogre is heavily wounded.
The ogre hits you with a +0 giant club!
You barely miss the ogre.
The ogre is heavily wounded.
The ogre barely misses you.
You closely miss the ogre.
The ogre is heavily wounded.
The ogre hits you with a +0 giant club!!
You slash the ogre!
The ogre is almost dead.
The ogre hits you with a +0 giant club!
You die...
Your body crumbles into a pile of gold.

# #.# # #.# # #.# # ##.#
$ ... ######.# #
##.....O############# #
.......@............####
##.################.....
###### # # . # #


You could see an ogre.

Vanquished Creatures
  An ice beast (D:3)
  3 adders
  3 gnolls (D:3)
  3 worms
  5 leopard geckos
  An orc (D:3)
  4 giant cockroaches
  7 hobgoblins
  2 quokkas (D:3)
  5 bats
  2 frilled lizards (D:2)
  3 goblins
  3 kobolds
  A quokka skeleton (D:4)
  8 rats
51 creatures vanquished.

Notes
Turn   | Place    | Note
-------+----------+-------------------------------------------
     0 | D:1      | EazyBreezy the Demonspawn Gladiator began the quest for the
                  | Orb.
     0 | D:1      | Reached XP level 1. HP: 16/16 MP: 1/1
   150 | D:1      | Gained mutation: When hurt, damage is shared between your
                  | health and your magic reserves. [demonic ancestry]
   150 | D:1      | Reached XP level 2. HP: 7/22 MP: 2/2
   436 | D:1      | Reached skill level 3 in Long Blades
  1113 | D:2      | Gained mutation: You are partially covered in thin metallic
                  | scales. (AC +2) [demonic ancestry]
  1113 | D:2      | Reached XP level 3. HP: 6/27 MP: 1/3
  1511 | D:2      | Reached skill level 1 in Armour
  1702 | D:3      | Noticed an ice beast
  1709 | D:3      | Killed an ice beast
  1709 | D:3      | Gained mutation: You are mostly covered in thin metallic
                  | scales. (AC +3) [demonic ancestry]
  1709 | D:3      | Reached XP level 4. HP: 34/34 MP: 4/4
  1709 | D:3      | Reached XP level 5. HP: 39/39 MP: 5/5
  1786 | D:3      | Reached skill level 4 in Long Blades
  2180 | D:4      | Found a staircase to the Ecumenical Temple.
  2185 | Temple   | Entered the Ecumenical Temple
  2349 | Temple   | Became a worshipper of Gozag Ym Sagoz the Greedy
  2455 | D:4      | Noticed an ogre
  2461 | D:4      | Slain by an ogre

Levels and vault maps discovered:
D:1:      minmay_arrival_shattered_statue, layout_basic
D:2:      wad_pebble_path, layout_basic
D:3:      minmay_bubble_buster, layout_basic
D:4:      layout_loops_ring, nicolae_ru_great_annihilating_truth,
          temple_fountains, gammafunk_ghost_cemetery, first_ration
Temple:   nicolae_temple_great_sept

Skill      XL: |  1  2  3  4  5 |
---------------+----------------+-----
Long Blades    | 3 4 |  4.3
Dodging        | 3 |  3.5
Armour         | 1 |  1.9
Fighting       | |  2.8
Throwing       | |  1.7
Evocations     | |  0.2

Action                   |  1- 3 |  4- 6 || total
-------------------------+-------+-------++-------
Melee: Long sword        |   107 |    60 ||   167
  Use: Scroll            |     5 |     3 ||     8
       Potion            |     1 |       ||     1
  Eat: Ration            |     1 |     1 ||     2
Armor: Leather armour    |    33 |    30 ||    63
Dodge: Dodged            |    90 |    64 ||   154
       Rpst.: Long sword |    29 |    18 ||    47

Table legend:
 A = Non-vault XP
 B = Vault XP
 C = Vault XP percentage of total XP
 D = Non-vault monster count
 E = Vault monster count
 F = Vault count percentage of total count
                 A         B        C        D         E       F
            +---------+---------+-------+---------+---------+-------
      Total |     264 |      30 |  10.2 |      40 |      11 |  21.6
            +---------+---------+-------+---------+---------+-------
        D:1 |      29 |       0 |   0.0 |      17 |       0 |   0.0
        D:2 |      39 |       0 |   0.0 |      13 |       0 |   0.0
        D:3 |     176 |      30 |  14.6 |       7 |      11 |  61.1
        D:4 |      20 |       0 |   0.0 |       3 |       0 |   0.0
            +---------+---------+-------+---------+---------+-------
